 Dungeon Sprint DCSS version 0.28-a0-1130-gc51a68064b (webtiles) character file.

Game seed: 2078092968985952042

20883 rocky1 the Naga Aeon (level 12, -9/184 HPs)
             Began as a Naga Fighter on Dec 13, 2021.
             Was the Champion of Cheibriados.
             Mangled by an ettin (14 damage)
             ... in the Dungeon (Sprint IX: "|||||||||||||||||||||||||||||").
             The game lasted 00:17:32 (3024 turns).

rocky1 the Naga Aeon (Naga Fighter)                 Turns: 3024, Time: 00:17:32

Health: -9/184     AC: 16    Str: 38    XL:     12   Next: 84%
Magic:  5/23       EV: 18    Int: 29    God:    Cheibriados [******]
Gold:   669        SH:  8    Dex: 28    Spells: 11/11 levels left

rFire   . . .      SeeInvis +   m - +5 scimitar (flame)
rCold   . . .      Faith    .   c - +0 buckler
rNeg    + . .      Spirit   .   y - +2 ring mail of the Sun {rN+ rCorr Int+2 Dex+2}
rPois   +          Reflect  .   n - +0 helmet
rElec   .          Harm     .   w - +0 cloak
rCorr   +          Rampage  .   (no gloves)
Will    +....      NoTele   +   (no barding)
Stlth   ..........              (no amulet)
HPRegen 0.40/turn               q - +2 ring of protection
MPRegen 0.18/turn               p - +3 ring of intelligence

@: berserking, lethally poisoned (-9 -> -17), very slow
A: AC +4, large, see invisible, deformed body, poison resistance, slowness 2,
spit poison 1, naga tail 1, deterioration 1
a: Spit Poison, Renounce Religion, Bend Time, Temporal Distortion, Slouch, Step
From Time


You were in the Dungeon.
You worshipped Cheibriados.
Cheibriados was exalted by your worship.
You visited 1 branch You collected 1784 gold pieces.
You spent 1115 gold pieces at shops.

Inventory:

Hand Weapons
 m - a +5 scimitar of flaming (weapon)
Missiles
 a - 2 throwing nets
Armour
 c - a +0 buckler (worn)
 n - a +0 helmet (worn)
 w - a +0 cloak (worn)
 y - the +2 ring mail of the Sun (worn) {rN+ rCorr Int+2 Dex+2}
   (You bought it in a shop in the Dungeon)

   Int:       It affects your intelligence (+2).
   Dex:       It affects your dexterity (+2).
   rN:        It protects you from negative energy.
   rCorr:     It protects you from acid and corrosion.
 F - a +2 scale mail of cold resistance
Jewellery
 g - a ring of fire
 p - a +3 ring of intelligence (right hand)
 q - a +2 ring of protection (left hand)
 B - a ring of protection from fire
 C - a ring of ice
Wands
 l - a wand of acid (5)
 A - a wand of iceblast (3)
Scrolls
 j - 4 scrolls of blinking
 k - 2 scrolls of amnesia
 o - a scroll of brand weapon
 u - 7 scrolls of enchant weapon
 v - 2 scrolls of fog
 x - 2 scrolls of immolation
 E - 2 scrolls of enchant armour
Potions
 b - a potion of flight
 d - 2 potions of invisibility
 e - 10 potions of curing
 f - 3 potions of heal wounds
 h - 3 potions of magic
 i - a potion of berserk rage
 r - 4 potions of might
 s - a potion of resistance
 z - a potion of lignification
 D - 2 potions of brilliance
Miscellaneous
 t - a condenser vane


   Skills:
 + Level 12.4 Fighting
 - Level 15.3 Long Blades
 + Level 11.1 Armour
 + Level 9.9 Dodging
 + Level 9.7 Shields
 + Level 15.9 Invocations
 + Level 10.9 Evocations


You had 11 spell levels left.
You didn't know any spells.
Your spell library was empty.

Dungeon Overview and Level Annotations

Branches:
Dungeon (1/1)

Altars:
Cheibriados
Dithmenos
Elyvilon
Fedhas
Gozag
Hepliaklqana
Kikubaaqudgha
Makhleb
Nemelex Xobeh
Okawaru
Qazlal
Ru
Sif Muna
Trog
Uskayaw
Vehumet
Wu Jian
Xom
Yredelemnul
Zin
The Shining One
Beogh
Jiyva
Lugonu

Shops:
D !(?*


Innate Abilities, Weirdness & Mutations

Your serpentine skin is tough. (AC +4)
You have supernaturally acute eyesight. (SInv)
Armour fits poorly on your strangely shaped body.
Your system is resistant to poisons. (rPois)
You cover ground very slowly.
You can spit poison.
You have a snake-like lower body.
Your body sometimes deteriorates upon taking damage.


Message History

* * * LOW HITPOINT WARNING * * *
The rakshasa blinks!
You slash the ice dragon! You burn the ice dragon.
The ice dragon is severely wounded.
The ice dragon misses you. The ice dragon claws you!
* * * LOW HITPOINT WARNING * * *
The ice dragon completely misses you.
Unknown command.
You closely miss the rakshasa.
The rakshasa hits you but does no damage.
The ice dragon bites you but does no damage.
You block the ice dragon's attack. x2
Unknown command.
You slash the ice dragon! You burn the ice dragon!
The ice dragon is almost dead.
The rakshasa hits you with a +2 whip of venom!
* * * LOW HITPOINT WARNING * * *
You are lethally poisoned!
The ice dragon bites you but does no damage.
The ice dragon claws you but does no damage.
The ice dragon completely misses you.
You slice the ice dragon!! You burn the ice dragon.
You kill the ice dragon!
Cheibriados thoroughly appreciates the change of pace.
Cheibriados raises the support of your attributes as your movement slows.
* * * LOW HITPOINT WARNING * * *
You feel sick. You block the rakshasa's attack.
Unknown command.
You hit the rakshasa. You burn the rakshasa.
The rakshasa is lightly wounded.
* * * LOW HITPOINT WARNING * * *
You feel sick.
Unknown command.
You slice the rakshasa!! You burn the rakshasa!
The rakshasa is severely wounded.
The injured rakshasa weaves a defensive illusion!
* * * LOW HITPOINT WARNING * * *
You feel sick.
The ettin hits you with a +0 dire flail!
You die...

▓▓▓▓▓▓▓▓▓▓▓▓▓▓▓▓▓▓▓▓▓▓▓▓
[[[..........)RR@C).....
▓▓▓▓▓▓▓▓▓▓▓▓▓▓▓▓▓▓▓▓▓▓▓▓▓▓▓▓▓▓▓▓▓
............................[....
▓▓▓▓▓▓▓▓▓▓▓▓▓▓▓▓▓▓▓▓▓▓▓▓▓▓▓▓▓▓▓▓▓
).))).....)'))...∩)∩.∩)∩.)...'...
▓▓▓▓▓▓▓▓▓▓▓▓▓▓▓▓▓▓▓▓▓▓▓▓▓▓▓▓▓▓▓▓▓
..........................)÷....[
▓▓▓▓▓▓▓▓▓▓▓▓▓▓▓▓▓▓▓▓▓▓▓▓▓▓▓▓▓▓▓▓▓
..††.†......†.†††.†.....['..[![[)


You could see an ettin and 2 rakshasas.

Vanquished Creatures
  2 ettins (D)
  2 hydras (D)
  An ice dragon (D)
  Harold (D)
  A two-headed ogre (D)
  2 boulder beetles (D)
  A centaur warrior (D)
  An orc high priest (D)
  10 orc knights (D)
  A deep elf pyromancer (D)
  2 cyclopes (D)
  An ugly thing (D)
  An orc sorcerer (D)
  A shining eye (shapeshifter) (D)
  Maurice (D)
  A black mamba (D)
  2 cane toads (D)
  A cane toad (shapeshifter) (D)
  A rime drake (D)
  A kobold demonologist (D)
  2 komodo dragons (D)
  A troll (D)
  A blink frog (D)
  2 basilisks (D)
  3 yaks (D)
  Grum (D)
  A wraith (D)
  A wyvern (D)
  A hog (shapeshifter) (D)
  3 wargs (D)
  3 water moccasins (D)
  3 hell hounds (D)
  An acid dragon (D)
  14 orc warriors (D)
  2 black bears (D)
  7 wolves (D)
  2 howler monkeys (D)
  4 orc priests (D)
  An iguana (D)
  An orc wizard (D)
  8 orcs (D)
  A bat (D)
  A bat zombie (D)
  A goblin (D)
  A ball python skeleton (D)
  A quokka zombie (D)
  3 rats (D)
104 creatures vanquished.

Notes
Turn   | Place    | Note
-------+----------+-------------------------------------------
     0 | D        | rocky1 the Naga Fighter began the quest for the Orb.
     0 | D        | Reached XP level 1. HP: 21/21 MP: 1/1
    83 | D        | Noticed an iguana
    83 | D        | Noticed a black bear
    87 | D        | Reached XP level 2. HP: 23/28 MP: 2/2
   100 | D        | Reached XP level 3. HP: 17/36 MP: 3/3
   102 | D        | Killed a black bear
   103 | D        | Reached skill level 5 in Fighting
   103 | D        | Reached XP level 4. HP: 6/46 MP: 4/4
   103 | D        | Reached XP level 5. HP: 7/52 MP: 5/5
   466 | D        | Found a snail-covered altar of Cheibriados.
   466 | D        | Found a shadowy altar of Dithmenos.
   466 | D        | Found a white marble altar of Elyvilon.
   466 | D        | Found a blossoming altar of Fedhas.
   466 | D        | Found an opulent altar of Gozag.
   467 | D        | Found a hazy altar of Hepliaklqana.
   468 | D        | Found a viscous altar of Jiyva.
   469 | D        | Found an ancient bone altar of Kikubaaqudgha.
   472 | D        | Became a worshipper of Cheibriados the Contemplative
   473 | D        | Found a corrupted altar of Lugonu.
   474 | D        | Found a burning altar of Makhleb.
   475 | D        | Found a sparkling altar of Nemelex Xobeh.
   476 | D        | Found an iron altar of Okawaru.
   477 | D        | Found a stormy altar of Qazlal.
   478 | D        | Found a sacrificial altar of Ru.
   479 | D        | Found a shimmering blue altar of Sif Muna.
   480 | D        | Found a bloodstained altar of Trog.
   481 | D        | Found a hide-covered altar of Uskayaw.
   482 | D        | Found a radiant altar of Vehumet.
   483 | D        | Found an ornate altar of the Wu Jian Council.
   484 | D        | Found a shimmering altar of Xom.
   485 | D        | Found a basalt altar of Yredelemnul.
   486 | D        | Found a glowing silver altar of Zin.
   487 | D        | Found a glowing golden altar of the Shining One.
   534 | D        | Noticed a kobold demonologist
   534 | D        | Noticed a yak
   534 | D        | Noticed an acid dragon
   534 | D        | Noticed a wyvern
   536 | D        | Reached * piety under Cheibriados
   537 | D        | Reached skill level 1 in Dodging
   537 | D        | Reached skill level 1 in Invocations
   537 | D        | Reached skill level 1 in Evocations
   542 | D        | Killed a kobold demonologist
   542 | D        | Reached ** piety under Cheibriados
   543 | D        | Reached skill level 5 in Armour
   543 | D        | Reached XP level 6. HP: 57/63 MP: 5/9
   543 | D        | Killed a yak
   544 | D        | Reached skill level 5 in Invocations
   544 | D        | Reached XP level 7. HP: 64/70 MP: 5/10
   553 | D        | Killed a wyvern
   553 | D        | Reached *** piety under Cheibriados
   825 | D        | Noticed a hog
   825 | D        | Noticed a cyclops
   825 | D        | Noticed a troll
   825 | D        | Noticed a wraith
   825 | D        | Noticed a two-headed ogre
   827 | D        | Killed a hog
   828 | D        | Reached XP level 8. HP: 70/78 MP: 11/13
   831 | D        | Killed a cyclops
   832 | D        | Reached skill level 10 in Long Blades
   832 | D        | Killed a troll
   833 | D        | Killed a wraith
   833 | D        | Reached **** piety under Cheibriados
   834 | D        | Reached skill level 10 in Invocations
   834 | D        | Reached XP level 9. HP: 51/85 MP: 11/16
   836 | D        | Killed a two-headed ogre
   838 | D        | Reached ***** piety under Cheibriados
  1187 | D        | Noticed a komodo dragon
  1187 | D        | Noticed a cane toad
  1190 | D        | Noticed a rime drake
  1197 | D        | Killed a komodo dragon
  1197 | D        | Killed a rime drake
  1198 | D        | Reached skill level 5 in Dodging
  1198 | D        | Killed a cane toad
  1199 | D        | Reached skill level 5 in Shields
  1199 | D        | Reached skill level 5 in Evocations
  1199 | D        | Reached XP level 10. HP: 68/96 MP: 12/19
  1207 | D        | Reached ****** piety under Cheibriados
  1366 | D        | Noticed a black mamba
  1366 | D        | Noticed a cane toad
  1366 | D        | Noticed an eight-headed hydra
  1367 | D        | Killed a black mamba
  1370 | D        | Killed a cane toad
  1371 | D        | Killed a seven-headed hydra
  1402 | D        | Reached XP level 11. HP: 106/106 MP: 12/21
  1458 | D        | Noticed Harold
  1469 | D        | Killed Harold
  1525 | D        | Noticed Grum
  1536 | D        | Killed Grum
  1926 | D        | Noticed an orc knight
  1936 | D        | Killed an orc knight
  2180 | D        | Noticed an orc knight
  2185 | D        | Killed an orc knight
  2189 | D        | Reached skill level 10 in Fighting
  2200 | D        | Noticed an orc sorcerer
  2208 | D        | Killed an orc sorcerer
  2224 | D        | Noticed an orc high priest
  2237 | D        | Killed an orc high priest
  2381 | D        | Found Oboajall's Distillery.
  2381 | D        | Noticed an orc knight
  2381 | D        | Noticed an orc knight
  2381 | D        | Noticed an orc knight
  2382 | D        | Noticed an orc knight
  2386 | D        | Killed an orc knight
  2389 | D        | Killed an orc knight
  2392 | D        | Killed an orc knight
  2393 | D        | Reached skill level 15 in Long Blades
  2393 | D        | Killed an orc knight
  2430 | D        | Found Pemi Sed's Weapon Shoppe.
  2437 | D        | Found Urhumu's Magic Scroll Emporium.
  2441 | D        | Found Qoliz's Assorted Antiques.
  2443 | D        | Noticed an orc knight
  2451 | D        | Noticed an orc knight
  2456 | D        | Noticed an orc knight
  2458 | D        | Killed an orc knight
  2459 | D        | Reached XP level 12. HP: 16/118 MP: 12/23
  2462 | D        | Reached skill level 10 in Armour
  2740 | D        | Bought a scroll of brand weapon for 220 gold pieces
  2742 | D        | Bought a potion of curing for 78 gold pieces
  2742 | D        | Bought a scroll of blinking for 195 gold pieces
  2742 | D        | Bought a scroll labelled PUSECI RA RIHU for 26 gold pieces
  2742 | D        | Bought a polished ring mail for 234 gold pieces
  2742 | D        | Identified the +2 ring mail of the Sun {rN+ rCorr Int+2
                  | Dex+2} (You bought it in a shop in the Dungeon)
  2748 | D        | Bought a potion of might for 40 gold pieces
  2748 | D        | Bought a potion of lignification for 30 gold pieces
  2748 | D        | Bought a potion of heal wounds for 50 gold pieces
  2748 | D        | Bought a potion of invisibility for 80 gold pieces
  2748 | D        | Bought a potion of berserk rage for 50 gold pieces
  2748 | D        | Bought a potion of curing for 30 gold pieces
  2761 | D        | Bought a scroll of identify for 22 gold pieces
  2762 | D        | Bought a scroll of immolation for 38 gold pieces
  2762 | D        | Bought a scroll of identify for 22 gold pieces
  2786 | D        | Noticed Maurice
  2789 | D        | Killed Maurice
  2790 | D        | Reached skill level 15 in Invocations
  2976 | D        | Noticed a boulder beetle
  2976 | D        | Noticed a five-headed hydra
  2976 | D        | Noticed a centaur warrior
  2976 | D        | Noticed a boulder beetle
  2985 | D        | Killed a centaur warrior
  2985 | D        | Noticed an ettin
  2986 | D        | Killed a four-headed hydra
  2987 | D        | Reached skill level 10 in Evocations
  2987 | D        | Noticed an ettin
  2992 | D        | Killed a boulder beetle
  2992 | D        | Killed a boulder beetle
  2996 | D        | Killed an ettin
  3003 | D        | Killed an ettin
  3005 | D        | Paralysed by a floating eye for 3 turns
  3005 | D        | Noticed an ice dragon
  3009 | D        | Noticed an ettin
  3009 | D        | Gained mutation: Your body sometimes deteriorates upon
                  | taking damage. [a shining eye]
  3010 | D        | Noticed a rakshasa
  3013 | D        | HP: 2/122 [ice dragon/blast of cold (21)]
  3022 | D        | Killed an ice dragon
  3022 | D        | HP: 8/183 [poisoned by a rakshasa]
  3024 | D        | Mangled by an ettin

Illustrated notes

Levels and vault maps discovered:
D:        linesprint [early_d, line_temple, items_1, d_10, items_2, lair_1,
          lair_end, items_3, orc_1, orc_end, items_4, d_15, swamp_1, shoals_1,
          snake_1, spider_1, d_20, vaults_1, items_5, swamp_end, shoals_end,
          snake_end, spider_end, vaults_end, d_27, items_6, zot_1, zot_end,
          crypt_end, forest_end, elf_end, slime_end, tomb_end, abyss_end,
          pan_hell_end]

Skill      XL: |  1  2  3  4  5  6  7  8  9 10 11 12 |
---------------+-------------------------------------+-----
Long Blades    | 3 4 7 8 9 11 13 14 15 | 15.3
Fighting       | 4 5 6 7 9 10 12 | 12.4
Armour         | 3 4 5 6 7 8 9 11 | 11.1
Dodging        | 3 4 5 7 8 9 |  9.9
Invocations    | 4 5 7 10 12 13 14 15 | 15.9
Evocations     | 3 5 7 9 10 | 10.9
Shields        | 4 5 6 8 9 |  9.7

Action                   |  1- 3 |  4- 6 |  7- 9 | 10-12 || total
-------------------------+-------+-------+-------+-------++-------
Melee: Long sword        |    32 |     1 |       |       ||    33
       Scimitar          |       |     7 |    28 |   144 ||   179
Invok: Slouch            |       |       |     1 |    21 ||    22
 Abil: Spit Poison       |     1 |       |     1 |     1 ||     3
Evoke: Wand              |       |     2 |     3 |       ||     5
       Condenser vane    |       |       |       |     3 ||     3
  Use: Potion            |     2 |       |       |     8 ||    10
       Scroll            |       |       |       |     5 ||     5
 Stab: Confused          |       |       |       |     2 ||     2
Armor: Scale mail        |     9 |       |       |       ||     9
       Plate armour      |       |    11 |     6 |     5 ||    22
       Chain mail        |       |       |       |    11 ||    11
       Ring mail         |       |       |       |    16 ||    16
Dodge: Dodged            |    13 |     1 |     8 |    49 ||    71
Block: Buckler           |     5 |     1 |     3 |    45 ||    54

Table legend: (Time is in decaauts)
 A = Elapsed time spent in this place.
 B = Non-inter-level travel time spent in this place.
 C = Inter-level travel time spent in this place.
 D = Time resting spent in this place.
 E = Time spent auto-exploring this place.
 F = Levels seen in this place.
 G = Mean time per level.
                   A        B        C        D        E       F      G
               +--------+--------+--------+--------+--------+-----+--------+
         Total |   3978 |   3978 |      0 |   1943 |      0 |   1 | 3978.0 |
       Dungeon |   3978 |   3978 |      0 |   1943 |      0 |   1 | 3978.0 |
               +--------+--------+--------+--------+--------+-----+--------+

Top non-repeatable levels by time:
       D: 3978 daAuts
